 Dungeon Crawl Stone Soup version 0.29-a0-92-gee772dd00f (webtiles) character file.

Game seed: 14358371749789647201

10645 siradein the Fighter (level 11, -4/114 HPs)
             Began as a Green Draconian Transmuter on Feb 10, 2022.
             Was a Priest of Kikubaaqudgha.
             Killed from afar by a gargoyle (23 damage)
             ... with a stone arrow
             ... on level 10 of the Dungeon.
             The game lasted 00:44:01 (11793 turns).

siradein the Fighter (Green Draconian Transmuter)  Turns: 11793, Time: 00:44:02

Health: -4/114     AC:  8    Str: 13    XL:     11   Next: 38%
Magic:  30/30      EV: 12    Int: 24    God:    Kikubaaqudgha [***...]
Gold:   259        SH:  0    Dex: 13    Spells: 11/24 levels left

rFire   x . .      SeeInvis .     - Unarmed
rCold   + + +      Faith    .   (shield currently unavailable)
rNeg    + . .      Spirit   .   (armour unavailable)
rPois   +          Reflect  .   (helmet currently unavailable)
rElec   +          Harm     .   (cloak currently unavailable)
rCorr   .          Rampage  .   (gloves currently unavailable)
Will    .....                   (boots currently unavailable)
Stlth   +.........              d - amulet of regeneration
HPRegen 1.09/turn               s - ring "Uzawul" {rElec rN+ Int+6 Dex+2}
MPRegen 0.22/turn               j - ring of magical power

@: ice-form (expiring)
A: freezing attack, amphibious, boosted hp, (breathe noxious fumes), AC +7,
large, unfitting armour, (poison resistance), (cold-blooded)
a: End Transformation, Renounce Religion, Receive Corpses


You were on level 10 of the Dungeon.
You worshipped Kikubaaqudgha.
Kikubaaqudgha was most pleased with you.
You were a creature of crystalline ice.
You visited 2 branches of the dungeon, and saw 11 of its levels.

You collected 611 gold pieces.
You spent 352 gold pieces at shops.

Inventory:

Armour
 t - the +1 pair of gloves of the Delicate Slorg (melded) {Fly Dex+6}
   (You found it on level 5 of the Dungeon)

   Dex:       It affects your dexterity (+6).
   Fly:       It grants you flight.
 C - a +0 pair of boots (melded)
 G - a +2 kite shield
 I - a +0 buckler (melded)
 P - a +0 cloak of preservation (melded)
Magical Staves
 b - a staff of air
Jewellery
 d - an amulet of regeneration (around neck)
 j - a ring of magical power (right front paw)
 s - the ring "Uzawul" (left front paw) {rElec rN+ Int+6 Dex+2}
   (You took it off a goblin on level 4 of the Dungeon)

   [ring of intelligence]

   Int:       It affects your intelligence (+6).
   Dex:       It affects your dexterity (+2).
   rElec:     It insulates you from electricity.
   rN:        It protects you from negative energy.
 w - an amulet of faith
 A - an amulet of magic regeneration
Wands
 k - a wand of flame (11)
 K - a wand of polymorph (6)
 M - a wand of acid (6)
Scrolls
 c - a scroll of enchant weapon
 e - 4 scrolls of teleportation
 f - 3 scrolls of amnesia
 h - 3 scrolls of immolation
 i - a scroll of noise {unknown}
 m - 3 scrolls of vulnerability {unknown}
 p - a scroll of holy word {unknown}
 r - 2 scrolls of fear {unknown}
 u - 3 scrolls of blinking
 v - 2 scrolls of acquirement {unknown}
 x - a scroll of magic mapping {unknown}
 y - 2 scrolls of silence {unknown}
 E - 2 scrolls of brand weapon {unknown}
 N - a scroll of torment
Potions
 a - a potion of haste
 g - a potion of heal wounds
 l - 3 potions of might
 n - 2 potions of flight
 o - a potion of magic {unknown}
 q - 3 potions of attraction
 z - 2 potions of lignification
 B - a potion of mutation {unknown}
 D - a potion of ambrosia {unknown}
 F - a potion of degeneration {unknown}
 H - 2 potions of curing {unknown}
 J - 2 potions of brilliance {unknown}
 L - a potion of resistance {unknown}
 O - a potion of invisibility {unknown}


   Skills:
 + Level 8.3 Fighting
 + Level 7.1 Dodging
 + Level 2.1 Shields
 + Level 8.1 Unarmed Combat
 + Level 7.2 Spellcasting
 + Level 5.3 Necromancy
 + Level 7.8 Transmutations
 - Level 3.0 Poison Magic


You had 11 spell levels left.
You knew the following spells:

 Your Spells              Type           Power      Damage    Failure   Level
a - Beastly Appendage     Tmut           92%        N/A       1%          1
b - Wereblood             Tmut           46%        N/A       1%          2
c - Spider Form           Tmut/Pois      34%        N/A       2%          3
d - Ice Form              Ice/Tmut       27%        N/A       14%         4
e - Vampiric Draining     Necr           34%        2d8       2%          3

Your spell library contained the following spells:

 Spells                   Type           Power      Damage    Failure   Level
 Animate Skeleton         Necr           68%        N/A       1%          1
 Pain                     Necr           100%       1d9       1%          1
 Sublimation of Blood     Necr           34%        N/A       1%          2
 Animate Dead             Necr           17%        N/A       8%          4
 Dispel Undead            Necr           34%        3d15      8%          4
 Frozen Ramparts          Ice            16%        1d3       22%         3
 Tukima's Dance           Hex            8%         N/A       22%         3
 Anguish                  Hex/Necr       10%        N/A       22%         4
 Agony                    Necr           34%        N/A       22%         5
 Borgnjor's Vile Clutch   Necr/Erth      10%        N/A       54%         5
 Summon Ice Beast         Ice/Summ       8%         N/A       56%         4
 Death Channel            Necr           17%        N/A       75%         6
 Enfeeble                 Hex            4%         N/A       100%        7
 Summon Hydra             Summ           4%         N/A       100%        7


Dungeon Overview and Level Annotations

Branches:
Dungeon (10/15)            Temple (1/1) D:5            Lair (0/6) D:9
    Orc: D:9-12

Altars:
Ashenzari
Cheibriados
Dithmenos
Elyvilon
Fedhas
Gozag
Hepliaklqana
Kikubaaqudgha
Makhleb
Nemelex Xobeh
Okawaru
Qazlal
Ru
Sif Muna
Trog
Uskayaw
Vehumet
Wu Jian
Xom
Yredelemnul
Zin
The Shining One

Shops:
D:9 ?


Innate Abilities, Weirdness & Mutations

You are a creature of crystalline ice.
You have a powerful freezing melee attack.
You are amphibious.
Your maximum health is increased.
Your armour is entirely melded.
You are incapable of wielding weapons or throwing items.
((You can breathe blasts of noxious fumes.))
((Your lurid green scales are hard. (AC +7)))
You cannot fit into any form of body armour.
((Your system is resistant to poisons. (rPois)))
((You are cold-blooded and may be slowed by cold attacks.))


Message History

The +1 pair of gloves of the Delicate Slorg {Fly Dex+6} melds into your body.
Your +0 pair of boots melds into your body.
Your +0 buckler melds into your body.
You float gracefully downwards.
The gargoyle hurls a stone arrow at you.
The stone arrow misses you.
You hit the gargoyle. You freeze the gargoyle.
The gargoyle is lightly damaged.
The gargoyle completely misses you.
You completely miss the gargoyle.
The gargoyle is lightly damaged.
You hit the gargoyle but do no damage.
The gargoyle is lightly damaged.
The gargoyle hits you with a +0 mace!
You hit the gargoyle. You freeze the gargoyle.
The gargoyle is moderately damaged.
The gargoyle hits you with a +0 mace!!
You hit the gargoyle but do no damage.
The gargoyle is moderately damaged.
The gargoyle hurls a stone arrow at you.
The stone arrow hits you!!
You hit the gargoyle but do no damage.
The gargoyle is moderately damaged.
The gargoyle hurls a stone arrow at you.
The stone arrow hits you!
You are too injured to fight recklessly!
You are too injured to fight recklessly!
The gargoyle hurls a stone arrow at you.
The stone arrow hits you!!
* * * LOW HITPOINT WARNING * * *
The gargoyle hurls a stone arrow at you.
The stone arrow hits you!
* * * LOW HITPOINT WARNING * * *
The gargoyle hurls a stone arrow at you.
The stone arrow hits you!!
* * * LOW HITPOINT WARNING * * *
Your transformation is almost over.
The gargoyle hurls a stone arrow at you.
The stone arrow hits you!!
You die...
Kikubaaqudgha rasps: "You have failed me!
Welcome... death!"

#.#....#....# #............
#.#.##.####.#########.####.
#.#..#.#...................
#.#.........#########..###.
#.####.#.###<# #<..).)....
#......#....)# ######)##..
########.....# #.## .
#.....#########..# .
#.)Y..#........#.# .
#########.....#........#....
#.............#........##.#.
#.##.....#....#........##.#.
#.#..........9#........# ...
#.#......##.#.#........# #..
#.#......##.#.#........###..
#.######.##.#.#.............
#.# #.#....#....)....##..


You could see a gargoyle.

Vanquished Creatures
  A hydra (D:10)
  Pikel (D:4)
  A cyclops (D:8)
  Maggie (D:7)
  A komodo dragon (D:9)
  2 tengu conjurers (D:9)
  Sigmund (D:4)
  3 wyverns (D:9)
  15 yaks
  A human (D:7)
  4 hogs (D:7)
  Grum (D:9)
  2 steam dragons
  A vampire mosquito (D:7)
  Menkaure (D:7)
  2 water moccasins
  Duvessa (D:7)
  3 ice beasts
  A sky beast (D:7)
  A black bear (D:7)
  5 orc warriors
  A swamp drake (D:9)
  2 necrophages
  A hornet zombie (D:8)
  2 ogres
  3 wolves (D:9)
  4 centaurs
  A phantom (D:6)
  A lemure (D:4)
  2 kobold brigands
  A gnoll sergeant (D:8)
  2 scorpions
  2 wyvern zombies
  A bullfrog (D:8)
  A wyvern skeleton (D:5)
  Dowan (D:7)
  2 water moccasin skeletons (D:6)
  3 wights (D:6)
  2 howler monkeys
  3 centaur zombies
  A hound (D:6)
  2 bullfrog zombies
  Crazy Yiuf (D:4)
  2 jellies
  An orc priest (D:9)
  A centaur skeleton (D:6)
  5 iguanas
  6 orc wizards
  A killer bee zombie (D:6)
  2 hound skeletons
  A howler monkey zombie (D:8)
  3 gnolls (D:5)
  5 adders
  2 shadow imps
  2 ufetubi
  2 worms
  2 dart slugs
  20 orcs
  3 ball pythons
  8 bats
  7 endoplasms
  5 giant cockroaches
  13 goblins
  6 hobgoblins
  6 jackals
  22 kobolds
  4 quokkas
  4 frilled lizards
  4 rats
225 creatures vanquished.

Notes
Turn   | Place    | Note
-------+----------+-------------------------------------------
     0 | D:1      | siradein the Draconian Transmuter began the quest for the
                  | Orb.
     0 | D:1      | Reached XP level 1. HP: 16/16 MP: 3/3
   349 | D:1      | Reached XP level 2. HP: 23/23 MP: 3/5
   387 | D:1      | Found a faded altar of an unknown god.
  1022 | D:1      | Learned a level 2 spell: Wereblood
  1192 | D:2      | Reached XP level 3. HP: 29/29 MP: 4/6
  1412 | D:2      | Reached XP level 4. HP: 30/36 MP: 3/7
  2126 | D:3      | Learned a level 3 spell: Spider Form
  2510 | D:3      | Reached XP level 5. HP: 40/42 MP: 9/9
  3063 | D:4      | Learned a level 4 spell: Ice Form
  3105 | D:4      | Reached XP level 6. HP: 41/51 MP: 10/10
  3226 | D:4      | Found a runed translucent door.
  3227 | D:4      | Noticed Crazy Yiuf
  3377 | D:4      | Noticed Sigmund
  3422 | D:4      | Killed Sigmund
  3423 | D:4      | Your scales start taking on a lurid green colour.
  3423 | D:4      | Reached XP level 7. HP: 57/57 MP: 12/12
  3423 | D:4      | Gained mutation: Your system is resistant to poisons.
                  | (rPois) [Green Draconian growth]
  3497 | D:4      | Noticed Pikel
  3581 | D:4      | Killed Pikel
  3582 | D:4      | Reached skill level 5 in Unarmed Combat
  3822 | D:4      | Identified the ring "Uzawul" {rElec rN+ Int+6 Dex+2}
  3928 | D:5      | Entered Level 5 of the Dungeon
  3964 | D:5      | Reached XP level 8. HP: 67/67 MP: 14/14
  4143 | D:5      | Identified the +1 pair of gloves of the Delicate Slorg {Fly
                  | Dex+6}
  4660 | D:5      | Found a staircase to the Ecumenical Temple.
  4669 | Temple   | Entered the Ecumenical Temple
  5349 | Temple   | Became a worshipper of Kikubaaqudgha
  5394 | D:5      | Reached skill level 1 in Poison Magic
  5471 | D:5      | Reached skill level 5 in Fighting
  5514 | D:5      | Reached skill level 5 in Transmutations
  6160 | D:6      | Reached skill level 5 in Spellcasting
  6284 | D:6      | Reached skill level 5 in Dodging
  6284 | D:6      | Reached XP level 9. HP: 73/74 MP: 16/16
  6421 | D:6      | Found an ornate altar of the Wu Jian Council.
  6701 | D:6      | Reached skill level 1 in Necromancy
  6842 | D:7      | Noticed Maggie
  6869 | D:7      | Killed Maggie
  6997 | D:4      | Killed Crazy Yiuf
  7359 | D:7      | Noticed Duvessa
  7363 | D:7      | Noticed Dowan
  7370 | D:7      | Killed Duvessa
  7384 | D:7      | Killed Dowan
  7384 | D:7      | Reached * piety under Kikubaaqudgha
  7384 | D:7      | Received a gift from Kikubaaqudgha
  7783 | D:7      | Noticed Menkaure
  7792 | D:7      | Killed Menkaure
  7867 | D:7      | Reached XP level 10. HP: 76/84 MP: 19/19
  8554 | D:7      | Reached ** piety under Kikubaaqudgha
  8759 | D:8      | Noticed a cyclops
  8768 | D:8      | Killed a cyclops
  9613 | D:9      | Reached XP level 11. HP: 94/94 MP: 21/21
  9786 | D:9      | Noticed Grum
  9821 | D:9      | Killed Grum
  9829 | D:9      | Reached skill level 1 in Shields
  9960 | D:9      | Found Poduij's Magic Scroll Boutique.
  9968 | D:9      | Bought a scroll of torment for 120 gold pieces
  9968 | D:9      | Bought a scroll of identify for 32 gold pieces
  9968 | D:9      | Bought a scroll of identify for 32 gold pieces
  9968 | D:9      | Bought a scroll of blinking for 120 gold pieces
  9968 | D:9      | Bought a scroll of teleportation for 48 gold pieces
 10033 | D:9      | Reached skill level 5 in Necromancy
 10642 | D:9      | Found a staircase to the Lair.
 10714 | D:9      | Learned a level 3 spell: Vampiric Draining
 11204 | D:10     | Entered Level 10 of the Dungeon
 11307 | D:10     | Reached *** piety under Kikubaaqudgha
 11307 | D:10     | Received a gift from Kikubaaqudgha
 11380 | D:10     | Noticed a five-headed hydra
 11390 | D:10     | Killed a five-headed hydra
 11793 | D:10     | Killed from afar by a gargoyle

Illustrated notes

Levels and vault maps discovered:
D:1:      nicolae_arrival_somewhat_less_tricky_arrival, layout_basic,
          shapermc_ecumenical_altar_mp_ritualfount, minivault_26,
          hangedman_decor_points, minmay_bisected
D:2:      minmay_skewed_foursquare, layout_loops_ring, minmay_misc_feat_cross,
          st_stairs_13
D:3:      minmay_diamond_boxcup, layout_loops_ring
D:4:      layout_basic, minmay_checkerbox, uniq_pikel, uniq_crazy_yiuf_cottage,
          uniq_sigmund
D:5:      layout_basic, minmay_temple_entry_hall, minivault_1
D:6:      layout_loops_corners, lemuel_round_altar, minmay_puff
D:7:      layout_basic, hangedman_decor_slide_cut, grunt_livestock,
          uniq_duvessa, uniq_maggie, uniq_menkaure
D:8:      kennysheep_blocky_room, layout_basic, corexii_corridor_pit,
          grunt_ministairs_6
D:9:      lemuel_flame_loot_2, layout_loops_cross, erik_lair_dragon,
          serial_shops, shop, uniq_grum
D:10:     layout_basic
Temple:   nicolae_temple_the_god_donut

Skill      XL: |  1  2  3  4  5  6  7  8  9 10 11 |
---------------+----------------------------------+-----
Dodging        | 2 3 4 5 6 7 |  7.1
Fighting       | 2 3 4 5 6 7 8 |  8.3
Spellcasting   | 3 4 5 6 7 |  7.2
Transmutations | 3 4 5 6 7 |  7.8
Unarmed Combat | 4 5 6 7 8 |  8.1
Poison Magic   | 3 |  3.0
Necromancy     | 3 4 5 |  5.3
Shields        | 2 |  2.1

Action                   |  1- 3 |  4- 6 |  7- 9 | 10-12 || total
-------------------------+-------+-------+-------+-------++-------
Melee: Unarmed           |    84 |   156 |   297 |   384 ||   921
       Kick              |    19 |    36 |    38 |    14 ||   107
       Headbutt          |    14 |    17 |    30 |    14 ||    75
       Punch             |     3 |     4 |     9 |     1 ||    17
       Tailslap          |     4 |    24 |    22 |    11 ||    61
 Cast: Beastly Appendage |    20 |    35 |    16 |     6 ||    77
       Wereblood         |     1 |     2 |    10 |    10 ||    23
       Spider Form       |       |     1 |    26 |    28 ||    55
       Ice Form          |       |       |       |     2 ||     2
 Abil: Breathe Noxious F |       |       |     7 |     7 ||    14
  Use: Scroll            |       |       |     6 |     3 ||     9
 Stab: Confused          |       |       |     7 |     4 ||    11
       Sleeping          |       |       |     1 |       ||     1
Armor: Skin              |    23 |    39 |    41 |    41 ||   144
Dodge: Dodged            |    57 |    85 |   244 |   363 ||   749
Block: Kite shield       |       |       |       |     6 ||     6
       Buckler           |       |       |       |     4 ||     4

Table legend: (Time is in decaauts)
 A = Elapsed time spent in this place.
 B = Non-inter-level travel time spent in this place.
 C = Inter-level travel time spent in this place.
 D = Time resting spent in this place.
 E = Time spent auto-exploring this place.
 F = Levels seen in this place.
 G = Mean time per level.
                   A        B        C        D        E       F      G
               +--------+--------+--------+--------+--------+-----+--------+
         Total |  11716 |  10852 |    864 |    287 |   7921 |  11 | 1065.1 |
       Dungeon |  11007 |  10143 |    864 |    287 |   7329 |  10 | 1100.7 |
        Temple |    708 |    708 |      0 |      0 |    592 |   1 |  708.0 |
               +--------+--------+--------+--------+--------+-----+--------+

Top non-repeatable levels by time:
     D:7: 1409 daAuts
     D:6: 1309 daAuts
     D:9: 1294 daAuts
     D:8: 1264 daAuts
     D:1: 1130 daAuts
     D:5: 1061 daAuts
     D:2: 1032 daAuts
     D:3: 1002 daAuts
     D:4: 962 daAuts
  Temple: 708 daAuts
    D:10: 540 daAuts
